 Dungeon Crawl Stone Soup version 0.25-a0-1133-g93ebf739aa (webtiles) character file.

Game seed: 899953895207664598, levelgen mode: deterministic

2051 Glundar the Covered (level 9, -1/79 HPs)
             Began as a Minotaur Fighter on May 21, 2020.
             Was a Priest of Okawaru.
             Slain by a two-headed ogre
             ... wielding a +0 giant club
              (11 damage)
             ... on level 7 of the Dungeon.
             The game lasted 00:25:12 (6897 turns).

Glundar the Covered (Minotaur Fighter)              Turns: 6897, Time: 00:25:13

Health: -1/79      AC: 15    Str: 24    XL:     9   Next: 4%
Magic:  8/8        EV:  5    Int:  5    God:    Okawaru [***...]
Gold:   247        SH: 17    Dex: 12    Spells: 8/8 levels left

rFire    . . .     SeeInvis .   a - +0 war axe
rCold    . . .     Gourm    .   G - +0 tower shield
rNeg     . . .     Faith    .   J - +0 chain mail
rPois    .         Spirit   .   C - +2 hat
rElec    .         Reflect  .   c - +0 cloak
rCorr    .         Harm     .   M - +0 pair of gloves
MR       ++...                  (no boots)
Stlth    ..........             F - amulet of Cezuih {Acrobat MR+ Dex+2}
HPRegen  0.23/turn              r - ring of protection from magic
MPRegen  0.11/turn              (no ring)

@: no status effects
A: retaliatory headbutt, horns 2
a: Heroism, Renounce Religion


You were on level 7 of the Dungeon.
You worshipped Okawaru.
Okawaru was most pleased with you.
You were hungry.

You visited 2 branches of the dungeon, and saw 9 of its levels.
You also visited: Ossuary.

You collected 439 gold pieces.
You spent 192 gold pieces at shops.

Inventory:

Hand Weapons
 a - a +0 war axe (weapon)
 b - a +0 hunting sling
 l - a +0 whip
 S - a +2 trident
Missiles
 e - 9 atropa-tipped darts
 g - 10 poisoned darts (quivered)
 D - 36 sling bullets
Armour
 c - a +0 cloak (worn)
 C - a +2 hat (worn)
 G - a +0 tower shield (worn)
 J - a +0 chain mail (worn)
 M - a +0 pair of gloves (worn)
Jewellery
 r - a ring of protection from magic (left hand)
 w - an uncursed amulet of guardian spirit
 E - an uncursed amulet of regeneration
 F - the amulet of Cezuih (around neck) {Acrobat MR+ Dex+2}
   (You found it on level 4 of the Dungeon)

   [amulet of the acrobat]

   It helps you evade while moving and waiting.
   It affects your dexterity (+2).
   It affects your resistance to hostile enchantments.
Wands
 s - a wand of flame (21)
 A - a wand of iceblast (20)
 R - a wand of enslavement (12)
 T - a wand of random effects (25)
Scrolls
 i - 7 scrolls of remove curse
 k - 3 scrolls of teleportation
 o - a scroll of amnesia {unknown}
 p - a scroll of holy word
 u - 2 scrolls of enchant armour {unknown}
 v - a scroll of identify
 y - a scroll of blinking {unknown}
 z - 2 scrolls of immolation {unknown}
 I - a scroll of magic mapping {unknown}
 K - 2 scrolls of enchant weapon {unknown}
 O - a scroll of fear {unknown}
Potions
 d - a potion of might
 h - 3 potions of curing
 j - 4 potions of flight
 m - 2 potions of lignification
 n - a potion of stabbing {unknown}
 q - 2 potions of brilliance {unknown}
 t - 2 potions of mutation {unknown}
 x - 3 potions of magic
 B - 3 potions of invisibility {unknown}
 H - 3 potions of ambrosia
 L - 2 potions of cancellation {unknown}
 P - 5 potions of heal wounds
 Q - a potion of berserk rage {unknown}
Comestibles
 f - 7 rations


   Skills:
 + Level 7.6 Fighting
 + Level 7.2 Axes
 + Level 3.8 Slings
 + Level 7.6 Armour
 - Level 0.2 Dodging
 + Level 7.6 Shields


You had 8 spell levels left.
You didn't know any spells.
Your spell library contained the following spells:

 Spells                   Type           Power        Failure   Level  Hunger
 Summon Butterflies       Summ           #.......     100%        1    ##.....
 Call Canine Familiar     Summ           #.......     100%        3    ####...
 Summon Ice Beast         Ice/Summ       #.......     100%        4    #####..
 Summon Mana Viper        Hex/Summ       #.......     100%        5    ######.
 Summon Hydra             Summ           #.........   100%        7    #######


Dungeon Overview and Level Annotations

Branches:
Dungeon (8/15)             Temple (1/1) D:5         Ossuary (visited)
   Lair: D:8-11

Altars:
Cheibriados
Elyvilon
Fedhas
Gozag
Hepliaklqana
Kikubaaqudgha
Makhleb
Nemelex Xobeh
Okawaru
Ru
Sif Muna
Trog
Uskayaw
Vehumet
Xom
Yredelemnul
Zin
The Shining One
Jiyva

Shops:
D:7 %*


Innate Abilities, Weirdness & Mutations

You reflexively headbutt those who attack you in melee.
You have a pair of horns on your head.


Message History

You are too injured to fight recklessly!
You are too injured to fight recklessly!
You are too injured to fight recklessly!
You are too injured to fight recklessly!
You are feeling hungry.
You see here 17 stones.
You slice the two-headed ogre!!
You headbutt the two-headed ogre, but do no damage.
The two-headed ogre is moderately wounded.
You block the two-headed ogre's attack.
The two-headed ogre hits you with a +0 great mace!!
You are too injured to fight recklessly!
You are too injured to fight recklessly!
You are too injured to fight recklessly!
You hit the two-headed ogre. You headbutt the two-headed ogre!
The two-headed ogre is heavily wounded.
The two-headed ogre hits you with a +0 giant club!
* * * LOW HITPOINT WARNING * * *
The two-headed ogre hits you with a +0 great mace!
You die...

##########.###.......<...........
#..####.................
##...##.................
###.##.................
#.##...<..........<..
#....##..............
###...#..............#
########...#...............## ##
##........###@...............#
.###..######## #O...>...........#
.....##### #(...............#
####.....# #................#
......#### #...........(....#
.##.### ##................# ..[.#
####................## ##..#
######....##.....##.....##
##..###......#####....#########


You could see a two-headed ogre.

Vanquished Creatures
  Menkaure (D:3)
  A phantom (D:7)
  2 ogres
  A centaur (D:5)
  A bullfrog (D:4)
  A wyvern skeleton (D:7)
  A scorpion (D:7)
  6 wights
  3 howler monkeys
  6 crimson imps
  An orc priest (D:5)
  A jelly (D:7)
  A human zombie (Ossuary)
  2 hounds
  5 orc wizards
  A bullfrog skeleton (D:7)
  A centaur skeleton (D:7)
  An iguana (D:7)
  Natasha (thrice) (D:2)
  5 worker ants
  A hound skeleton (D:4)
  4 mummies (Ossuary)
  4 gnolls (D:3)
  9 adders
  2 shadow imps (D:7)
  A white imp (D:5)
  An adder skeleton (D:4)
  An adder zombie (D:3)
  A worm (D:3)
  5 dart slugs
  5 leopard geckos
  9 orcs
  A ball python (D:5)
  9 bats
  A giant cockroach (D:7)
  6 goblins
  6 hobgoblins
  4 jackals (D:6)
  3 kobolds
  A quokka (D:4)
  A ball python skeleton (D:5)
  5 frilled lizards
  A giant cockroach zombie (D:3)
  3 hobgoblin zombies (Ossuary)
  A kobold zombie (Ossuary)
  3 orc zombies (Ossuary)
  9 rats
141 creatures vanquished.

Vanquished Creatures (others)
  An orc (D:4)
1 creature vanquished.

Grand Total: 142 creatures vanquished

Notes
Turn   | Place    | Note
-------+----------+-------------------------------------------
     0 | D:1      | Glundar the Minotaur Fighter began the quest for the Orb.
     0 | D:1      | Reached XP level 1. HP: 19/19 MP: 0/0
   202 | D:1      | Reached XP level 2. HP: 21/27 MP: 1/1
  1167 | D:2      | Reached XP level 3. HP: 33/33 MP: 2/2
  1307 | D:2      | Noticed Natasha
  1314 | D:2      | Killed Natasha
  1314 | D:2      | Reached XP level 4. HP: 22/40 MP: 3/3
  1336 | D:2      | Noticed Natasha
  1348 | D:2      | Killed Natasha
  1763 | D:2      | Found an iron altar of Okawaru.
  1773 | D:2      | Became a worshipper of Warmaster Okawaru
  1965 | D:2      | Noticed Natasha
  1973 | D:2      | Killed Natasha
  2199 | D:3      | Reached XP level 5. HP: 47/47 MP: 4/4
  2256 | D:3      | Found a transporter.
  2256 | D:3      | Found a transporter.
  2266 | D:3      | Noticed Menkaure
  2266 | D:3      | Found an ancient bone altar of Kikubaaqudgha.
  2266 | D:3      | Found a basalt altar of Yredelemnul.
  2277 | D:3      | Killed Menkaure
  2277 | D:3      | Reached * piety under Okawaru
  2277 | D:3      | Reached skill level 5 in Fighting
  2277 | D:3      | Reached skill level 5 in Armour
  2277 | D:3      | Reached skill level 5 in Shields
  2277 | D:3      | Reached XP level 6. HP: 19/56 MP: 5/5
  3347 | D:4      | Found a hazy altar of Hepliaklqana.
  3416 | D:4      | Found a snail-covered altar of Cheibriados.
  3467 | D:4      | Reached skill level 5 in Axes
  3467 | D:4      | Reached XP level 7. HP: 49/62 MP: 6/6
  3690 | D:4      | Found a bloodstained altar of Trog.
  3694 | D:4      | Identified the amulet of Cezuih {Acrobat MR+ Dex+2}
  4048 | D:5      | Entered Level 5 of the Dungeon
  4153 | D:5      | Found a staircase to the Ecumenical Temple.
  4190 | D:5      | Found a basalt altar of Yredelemnul.
  4216 | D:5      | Found a sand-covered staircase.
  4222 | Ossuary  | Entered an ossuary
  4262 | Ossuary  | Reached ** piety under Okawaru
  4524 | D:5      | Reached skill level 1 in Slings
  4793 | D:5      | Reached XP level 8. HP: 65/71 MP: 7/7
  5290 | Temple   | Entered the Ecumenical Temple
  5977 | D:6      | Found a radiant altar of Vehumet.
  6291 | D:7      | Found Mimud's Hallowed Reliquary.
  6293 | D:7      | Found a white marble altar of Elyvilon.
  6295 | D:7      | Noticed an angel
  6299 | D:7      | Bought a potion of heal wounds for 55 gold pieces
  6299 | D:7      | Bought a potion of heal wounds for 55 gold pieces
  6299 | D:7      | Bought a scroll of holy word for 82 gold pieces
  6491 | D:7      | Found Tiogady's Food Shop.
  6512 | D:7      | Reached *** piety under Okawaru
  6598 | D:7      | Reached XP level 9. HP: 79/79 MP: 8/8
  6849 | D:8      | Noticed a two-headed ogre
  6897 | D:7      | Slain by a two-headed ogre

Illustrated notes

Levels and vault maps discovered:
D:1:      lightli_molten_gateway, layout_loops_cross, minmay_tree_intersection,
          chequers_big_river, minmay_misc_feat_rows
D:2:      layout_basic, okawaru_ov_weapons_minmay, uniq_natasha
D:3:      layout_basic, gammafunk_temple_of_torment, serial_corexii_hall,
          corexii_hall_statues_t, chequers_hall_statues_y,
          chequers_hall_statues_wall_a
D:4:      layout_rooms, lemuel_doored_altar, overflow_temple_1_default,
          serial_corexii_hall, corexii_hall_statues_u, corexii_hall_statues_l,
          first_ration, chequers_serial_rivers_micro_b, bloody_trog
D:5:      layout_basic, minmay_temple_entry_overgrown, basic_altar,
          enter_ossuary_1, minmay_fire_ice_demons
D:6:      layout_rooms, old_standard_altar, nrook_mini_backslash
D:7:      layout_rooms, serial_shops, nicolae_shop_stone, nicolae_good_shop
D:8:      layout_loops_ring, hangedman_ranch [blue_anna_fruit_fields]
Temple:   pf_slimified_temple

Skill      XL: |  1  2  3  4  5  6  7  8 |
---------------+-------------------------+-----
Armour         | 4 5 6 7 |  7.6
Fighting       | 4 5 6 7 |  7.6
Shields        | 4 5 6 7 |  7.6
Axes           | 3 4 5 7 |  7.2
Slings         | 1 3 |  3.8
Dodging        | |  0.2

Action                   |  1- 3 |  4- 6 |  7- 9 || total
-------------------------+-------+-------+-------++-------
Melee: War axe           |    74 |    83 |   249 ||   406
       Headbutt          |    11 |    14 |    58 ||    83
 Fire: Hunting sling     |       |       |    23 ||    23
  Use: Scroll            |       |     1 |    10 ||    11
       Potion            |       |     2 |       ||     2
  Eat: Chunk             |     1 |     7 |    11 ||    19
Armor: Scale mail        |    37 |    41 |    48 ||   126
       Chain mail        |       |       |    44 ||    44
Dodge: Dodged            |    24 |    24 |    58 ||   106
Block: Kite shield       |    44 |    60 |    71 ||   175
       Tower shield      |       |       |    69 ||    69

Table legend:
 A = Non-vault XP
 B = Vault XP
 C = Vault XP percentage of total XP
 D = Non-vault monster count
 E = Vault monster count
 F = Vault count percentage of total count
                 A         B        C        D         E       F
            +---------+---------+-------+---------+---------+-------
      Total |    2481 |     450 |  15.4 |     122 |      19 |  13.5
            +---------+---------+-------+---------+---------+-------
        D:1 |      36 |       0 |   0.0 |      19 |       0 |   0.0
        D:2 |     122 |      35 |  22.3 |      22 |       1 |   4.3
        D:3 |     116 |     238 |  67.2 |      15 |       4 |  21.1
        D:4 |     393 |       0 |   0.0 |      19 |       0 |   0.0
        D:5 |     583 |      59 |   9.2 |      14 |       2 |  12.5
        D:6 |     262 |       0 |   0.0 |      11 |       0 |   0.0
        D:7 |     969 |       0 |   0.0 |      22 |       0 |   0.0
    Ossuary |       0 |     118 | 100.0 |       0 |      12 | 100.0
            +---------+---------+-------+---------+---------+-------
